 Dungeon Crawl Stone Soup version 0.29-a0-323-g050149af67 (webtiles) character file.

Game seed: 14355321577134147437

36 GigaChad the Skirmisher (level 3, 0/29 HPs)
             Began as a Demonspawn Chaos Knight on Apr 11, 2022.
             Was a Plaything of Xom.
             Killed by nerve-wracking pain
             ... invoked by a shadow imp
             ... summoned by Xom
              (7 damage)
             ... on level 1 of the Dungeon.
             The game lasted 00:02:51 (1177 turns).

GigaChad the Skirmisher (Demonspawn Chaos Knight)   Turns: 1177, Time: 00:02:53

Health: 0/29       AC:  6    Str: 12    XL:     3   Next: 19%
Magic:  3/3        EV: 11    Int: 13    God:    Xom [*.....]
Gold:   48         SH:  0    Dex: 14    Spells: 2/2 levels left

rFire   . . .      SeeInvis .   a - +0 falchion (chaos)
rCold   . . .      Faith    .   (no shield)
rNeg    . . .      Spirit   .   b - +2 leather armour
rPois   .          Reflect  .   (no helmet)
rElec   .          Harm     .   (no cloak)
rCorr   .          Rampage  .   (no gloves)
Will    .....                   (no boots)
Stlth   +.........              (no amulet)
HPRegen 0.09/turn               (no ring)
MPRegen 0.16/turn               (no ring)

@: no status effects
A: rugged brown scales 1, magic regeneration, talons 2, mutation resistance 1
a: Renounce Religion


You were on level 1 of the Dungeon.
You worshipped Xom.
You were a special plaything of Xom.
You visited 1 branch of the dungeon, and saw 1 of its levels.

You collected 48 gold pieces.

Inventory:

Hand Weapons
 a - a +0 falchion of chaos (weapon)
 h - a +3 dagger
 i - a +1 spear of venom
Missiles
 d - 8 poisoned darts
Armour
 b - a +2 leather armour (worn)
Potions
 e - 3 potions of curing {unknown}
 f - a potion of resistance {unknown}
 g - 2 potions of cancellation {unknown}
Miscellaneous
 c - a piece from Xom's chessboard (15/15) (quivered)


   Skills:
 + Level 3.4 Fighting
 + Level 3.3 Long Blades
 + Level 2.0 Armour
 + Level 1.1 Dodging


You had 2 spell levels left.
You didn't know any spells.
Your spell library was empty.

Dungeon Overview and Level Annotations

Branches:
Dungeon (1/15)

Altars:


Innate Abilities, Weirdness & Mutations

You are partially covered in rugged brown scales. (AC +1, +3% HP)
You regenerate magic rapidly.
You have razor-sharp toenails.
You are somewhat resistant to further mutation.


Message History

The crimson imp blinks!
The shadow imp gestures at you.
You barely resist.
You see here a quokka corpse.
You see here a quokka corpse.
The crimson imp hits you.
You hit the crimson imp but do no damage.
The crimson imp misses you.
You hit the crimson imp. You freeze the crimson imp. You claw the crimson imp.
The crimson imp is severely wounded.
The crimson imp barely misses you.
You hit the crimson imp.
The crimson imp is almost dead.
The crimson imp blinks!
You closely miss the shadow imp. Your kick misses the shadow imp.
The shadow imp closely misses you.
You barely miss the shadow imp. You claw the shadow imp.
The shadow imp is heavily wounded.
The shadow imp closely misses you.
The crimson imp hits you but does no damage.
You closely miss the crimson imp. Your kick misses the crimson imp.
The crimson imp is severely wounded.
The shadow imp barely misses you.
The crimson imp hits you but does no damage.
The crimson imp barely misses you.
The shadow imp hits you but does no damage.
You closely miss the crimson imp. Your kick misses the crimson imp.
The crimson imp is heavily wounded.
The crimson imp hits you. The shadow imp hits you.
* * * LOW HITPOINT WARNING * * *
You barely miss the crimson imp.
The crimson imp is heavily wounded.
The crimson imp closely misses you. The shadow imp closely misses you.
You barely miss the crimson imp.
The crimson imp is moderately wounded.
The crimson imp hits you but does no damage.
The shadow imp gestures at you. Pain shoots through your body!
You die... "Huh?
Did I miss anything?"

..#### ##.#
....... #..#
....... #.##
#######
.######## #.#
........#
#.#####
#######.#
#...... #>#
#.##### #5# #.#
#@# #.# #5# #.#
## #.# #.# ..
#######.## #.#
#. $........#
#.# #######..#
##.##
#..########...#
#..........†..#
##............#


You could see a crimson imp (summoned) and a shadow imp (summoned).

Vanquished Creatures
  A dart slug (D:1)
  3 endoplasms (D:1)
  2 giant cockroaches (D:1)
  3 goblins (D:1)
  3 hobgoblins (D:1)
  4 jackals (D:1)
  3 quokkas (D:1)
  A ball python (D:1)
  3 frilled lizards (D:1)
  4 kobolds (D:1)
  3 rats (D:1)
30 creatures vanquished.

Notes
Turn   | Place    | Note
-------+----------+-------------------------------------------
     0 | D:1      | GigaChad the Demonspawn Chaos Knight began the quest for
                  | the Orb.
     0 | D:1      | Reached XP level 1. HP: 18/18 MP: 1/1
   163 | D:1      | XOM: divination: magic mapping
   228 | D:1      | XOM: silly message
   353 | D:1      | Reached skill level 1 in Dodging
   353 | D:1      | Gained mutation: You are partially covered in rugged brown
                  | scales. (AC +1, +3% HP) [demonic ancestry]
   353 | D:1      | Reached XP level 2. HP: 18/24 MP: 2/2
   354 | D:1      | XOM: give mutations
   354 | D:1      | Gained mutation: You have sharp toenails. [Xom's grace]
   354 | D:1      | Gained mutation: You are somewhat resistant to further
                  | mutation. [Xom's grace]
   354 | D:1      | Gained mutation: You have razor-sharp toenails. [Xom's
                  | grace]
  1061 | D:1      | Gained mutation: You regenerate magic rapidly. [demonic
                  | ancestry]
  1061 | D:1      | Reached XP level 3. HP: 28/29 MP: 3/3
  1068 | D:1      | XOM: torment (11/29 hp)
  1073 | D:1      | XOM: swap monsters
  1160 | D:1      | XOM: summons 2 hostile demons
  1177 | D:1      | Killed from afar by a shadow imp

Illustrated notes

Levels and vault maps discovered:
D:1:      psy_arrival_fountain, layout_loops_ring,
          shapermc_ecumenical_altar_mp_vishouse

Skill      XL: |  1  2 |
---------------+-------+-----
Long Blades    | 3 |  3.3
Dodging        | 1 |  1.1
Armour         | 2 |  2.0
Fighting       | |  3.4

Action                   || total
-------------------------++-------
Melee: Falchion          ||    90
       Kick              ||    14
       Punch             ||     1
Evoke: Piece from Xom's  ||     1
Armor: Leather armour    ||    43
Dodge: Dodged            ||    81

Table legend: (Time is in decaauts)
 A = Elapsed time spent in this place.
 B = Non-inter-level travel time spent in this place.
 C = Inter-level travel time spent in this place.
 D = Time resting spent in this place.
 E = Time spent auto-exploring this place.
 F = Levels seen in this place.
 G = Mean time per level.
                   A        B        C        D        E       F      G
               +--------+--------+--------+--------+--------+-----+--------+
         Total |   1189 |   1186 |      3 |    462 |    192 |   1 | 1189.0 |
       Dungeon |   1189 |   1186 |      3 |    462 |    192 |   1 | 1189.0 |
               +--------+--------+--------+--------+--------+-----+--------+

Top non-repeatable levels by time:
     D:1: 1189 daAuts
